 Dungeon Crawl Stone Soup version 0.29-a0-802-g34511f41fd (webtiles) character file.

Game seed: 13182719890460558075

340 polve the Agent of Entropy (level 6, -2/47 HPs)
             Began as a Demonspawn Abyssal Knight on July 3, 2022.
             Was a Priest of Lugonu.
             Slain by a wyvern zombie (3 damage)
             ... in an ossuary.
             The game lasted 00:03:37 (5207 turns).

polve the Agent of Entropy (DsAK)                   Turns: 5207, Time: 00:03:38

Health: -2/47      AC: 13    Str: 16    XL:     6   Next: 30%
Magic:  0/11       EV: 11    Int: 11    God:    Lugonu [***...]
Gold:   163        SH:  0    Dex: 13    Spells: 5/5 levels left

rFire   . . .      SeeInvis .   n - +2 dagger (venom)
rCold   + . .      Faith    .   (no shield)
rNeg    . . .      Spirit   +   d - +1 leather armour {rC+}
rPois   .          Reflect  .   (no helmet)
rElec   .          Harm     .   (no cloak)
rCorr   .          Rampage  .   (no gloves)
Will    .....                   (no boots)
Stlth   +.........              g - amulet of guardian spirit
HPRegen 0.15/turn               (no ring)
MPRegen 0.12/turn               (no ring)

@: sanguine armoured
A: hooves 1, sanguine armour 2
a: Renounce Religion, Depart the Abyss, Bend Space, Banish


You were in an ossuary.
You worshipped Lugonu.
Lugonu was most pleased with you.
You visited 1 branch of the dungeon, and saw 4 of its levels.
You visited the Abyss 1 time.
You also visited: Ossuary.

You collected 163 gold pieces.

Inventory:

Hand Weapons
 n - a +2 dagger of venom (weapon)
Armour
 d - a +1 leather armour of cold resistance (worn)
Jewellery
 g - an amulet of guardian spirit (around neck)
Wands
 j - a wand of quicksilver (6)
Scrolls
 a - a scroll of amnesia {unknown}
 b - a scroll of noise {unknown}
 c - 6 scrolls of identify {unknown}
 i - a scroll of immolation {unknown}
 q - a scroll of magic mapping {unknown}
 r - a scroll of teleportation {unknown}
Potions
 e - 3 potions of curing {unknown}
 f - a potion of berserk rage {unknown}
 h - 2 potions of flight {unknown}
 k - a potion of mutation {unknown}
 l - a potion of heal wounds {unknown}
 m - 2 potions of resistance {unknown}
 o - a potion of brilliance {unknown}
 p - a potion of lignification {unknown}


   Skills:
 - Level 3.0 Fighting
 - Level 4.0 Short Blades
 - Level 1.7 Armour
 - Level 0.8 Dodging
 + Level 7.1 Invocations


You had 5 spell levels left.
You didn't know any spells.
Your spell library contained the following spells:

 Spells                   Type           Power      Damage    Failure   Level
 Sublimation of Blood     Necr           0%         N/A       54%         2
 Petrify                  Tmut/Erth      0%         N/A       99%         4
 Irradiate                Conj/Tmut      0%         3d13      100%        5


Dungeon Overview and Level Annotations

Branches:
Dungeon (4/15)            Ossuary (1/1)
 Temple: D:4-7

Altars:


Innate Abilities, Weirdness & Mutations

You have large cloven feet.
When seriously injured, your blood forms thick armour. (AC +9)


Message History

You swing at nothing.
The wyvern zombie bites you but does no damage.
You swing at nothing.
The wyvern zombie barely misses you.
You swing at nothing.
The wyvern zombie bites you but does no damage.
You swing at nothing.
The wyvern zombie completely misses you.
The wyvern zombie barely misses you.
You swing at nothing.
The wyvern zombie bites you but does no damage.
You swing at nothing.
The wyvern zombie bites you.
* * * LOW HITPOINT WARNING * * *
You barely miss the wyvern zombie. You kick the wyvern zombie.
The wyvern zombie is lightly damaged.
The wyvern zombie bites you.
* * * LOW HITPOINT WARNING * * *
You hit the wyvern zombie.
The wyvern zombie is lightly damaged.
The wyvern zombie bites you but does no damage.
You hit the wyvern zombie but do no damage.
Your kick misses the wyvern zombie.
The wyvern zombie is lightly damaged.
The wyvern zombie barely misses you.
You hit the wyvern zombie.
The wyvern zombie is lightly damaged.
The wyvern zombie bites you but does no damage.
You barely miss the wyvern zombie. Your kick misses the wyvern zombie.
The wyvern zombie is lightly damaged.
The wyvern zombie bites you.
* * * LOW HITPOINT WARNING * * *
You hit the wyvern zombie but do no damage.
You kick the wyvern zombie, but do no damage.
The wyvern zombie is lightly damaged.
The wyvern zombie bites you.
* * * LOW HITPOINT WARNING * * *
You hit the wyvern zombie but do no damage.
You kick the wyvern zombie, but do no damage.
The wyvern zombie is lightly damaged.
The wyvern zombie bites you.
You die...

## .#
###+#+#+#'#+#.≈.
#.'.M........≈≈≈
###.##'##+##+##≈
#@..# #Z∩.#
#..∩# #####


You could see a wyvern zombie.

Vanquished Creatures
  A bullfrog (D:4)
  3 bullfrog zombies (Ossuary)
  2 orc wizards (D:4)
  2 mummies (Ossuary)
  2 adders
  2 worms
  3 dart slugs
  5 orcs
  6 bats
  7 endoplasms
  8 giant cockroaches
  7 goblins
  4 hobgoblins
  4 quokkas
  5 ball pythons
  5 frilled lizards
  3 kobolds
  7 rats
76 creatures vanquished.

Vanquished Creatures (others)
  10 withered plants (Ossuary)
10 creatures vanquished.

Grand Total: 86 creatures vanquished

Notes
Turn   | Place    | Note
-------+----------+-------------------------------------------
     0 | Abyss:1  | polve the Demonspawn Abyssal Knight began the quest for the
                  | Orb.
     0 | Abyss:1  | Reached XP level 1. HP: 18/18 MP: 2/2
   166 | Abyss:1  | Noticed a freezing wraith
   167 | D:1      | Escaped the Abyss
   374 | D:1      | Reached ** piety under Lugonu
   390 | D:1      | Gained mutation: When seriously injured, your blood forms
                  | armour. (AC +9) [demonic ancestry]
   390 | D:1      | Reached XP level 2. HP: 3/24 MP: 3/3
  1216 | D:1      | Found a faded altar of an unknown god.
  1845 | D:1      | Gained mutation: When seriously injured, your blood forms
                  | thick armour. (AC +9) [demonic ancestry]
  1845 | D:1      | Reached XP level 3. HP: 29/29 MP: 4/4
  2864 | D:3      | Gained mutation: You have large cloven feet. [demonic
                  | ancestry]
  2864 | D:3      | Reached XP level 4. HP: 35/35 MP: 5/5
  4188 | D:3      | Reached skill level 3 in Invocations
  4278 | D:3      | Reached *** piety under Lugonu
  4729 | D:4      | Reached skill level 4 in Invocations
  4745 | D:4      | Reached XP level 5. HP: 24/41 MP: 5/8
  4897 | D:4      | Reached skill level 5 in Invocations
  5034 | D:4      | Found a sand-covered staircase.
  5043 | Ossuary  | Entered an ossuary
  5069 | Ossuary  | Reached skill level 6 in Invocations
  5087 | Ossuary  | Reached XP level 6. HP: 14/47 MP: 6/10
  5137 | Ossuary  | Reached skill level 7 in Invocations
  5205 | Ossuary  | HP: 2/47 [wyvern zombie (1)]
  5207 | Ossuary  | Slain by a wyvern zombie

Illustrated notes

Levels and vault maps discovered:
D:1:      spicycebolla_arrival_xxxplode, layout_basic, serial_forest,
          infiniplex_forest_lined_1, infiniplex_forest_lined_2,
          infiniplex_forest_clump_medium, infiniplex_forest_clump_long,
          infiniplex_forest_clump_double, hellmonk_ecumenical_altar_heavens_door
D:2:      layout_basic
D:3:      layout_rooms, serial_co_window_serial, co_window_corner_a,
          co_window_paths_a, co_window_paths_b, co_window_paths_a,
          co_window_corner_a, co_window_corner_b, co_window_2corner,
          co_window_unsneaky_path_b, co_window_paths_c, co_window_broadway_c,
          gup_sewer_entry_spiral, minmay_misc_feat_room
D:4:      layout_rooms, enter_ossuary_1
Ossuary:  ossuary_zaba_flooded

Skill      XL: |  1  2  3  4  5  6 |
---------------+-------------------+-----
Short Blades   | 2 3 4 |  4.0
Invocations    | 4 6 7 |  7.1
Fighting       | |  3.0
Armour         | |  1.7
Dodging        | |  0.8

Action                   |  1- 3 |  4- 6 || total
-------------------------+-------+-------++-------
Melee: Short sword       |   148 |       ||   148
       Punch             |     2 |       ||     2
       Dagger            |    12 |   137 ||   149
       Kick              |       |    45 ||    45
Invok: Depart the Abyss  |     1 |       ||     1
 Stab: Sleeping          |     1 |     1 ||     2
       Distracted        |       |     1 ||     1
Armor: Leather armour    |    58 |   108 ||   166
Dodge: Dodged            |   114 |   124 ||   238

Table legend: (Time is in decaauts)
 A = Elapsed time spent in this place.
 B = Non-inter-level travel time spent in this place.
 C = Inter-level travel time spent in this place.
 D = Time resting spent in this place.
 E = Time spent auto-exploring this place.
 F = Levels seen in this place.
 G = Mean time per level.
                   A        B        C        D        E       F      G
               +--------+--------+--------+--------+--------+-----+--------+
         Total |   5196 |   5105 |     91 |      0 |   4368 |   6 |  866.0 |
       Dungeon |   4886 |   4795 |     91 |      0 |   4153 |   4 | 1221.5 |
         Abyss |    168 |    168 |      0 |      0 |    167 |   1 |  168.0 |
       Ossuary |    142 |    142 |      0 |      0 |     48 |   1 |  142.0 |
               +--------+--------+--------+--------+--------+-----+--------+

Top non-repeatable levels by time:
     D:3: 2156 daAuts
     D:1: 1750 daAuts
     D:2: 661 daAuts
     D:4: 318 daAuts
 Abyss:1: 168 daAuts
 Ossuary: 142 daAuts
